 Dungeon Crawl Stone Soup version 0.30-a0-123-g91d0c66ccf (webtiles) character file.

Game seed: 4128949721319044444

3 Flugkiller the Sneak (level 1, 0/18 HPs)
             Began as a Demonspawn Delver on Sept 17, 2022.
             Was a Follower of Uskayaw.
             Slain by a white imp (5 damage)
             ... on level 6 of the Dungeon.
             The game lasted 00:01:56 (502 turns).

Flugkiller the Sneak (Demonspawn Delver)             Turns: 502, Time: 00:01:56

Health: 0/18       AC:  3    Str: 12    XL:     1   Next: 41%
Magic:  1/1        EV: 12    Int: 11    God:    Uskayaw [*.....]
Gold:   42         SH:  0    Dex: 14    Spells: 0/0 levels left

rFire   . . .      SeeInvis .    a - +0 short sword
rCold   . . .      Faith    .    (no shield)
rNeg    . . .      Spirit   .    b - +0 leather armour
rPois   .          Reflect  .    (no helmet)
rElec   .          Harm     .    (no cloak)
rCorr   .          Rampage  .    (no gloves)
Will    .....                    (no boots)
Stlth   ++........               (no amulet)
HPRegen 0.06/turn                (no ring)
MPRegen 0.07/turn                (no ring)

@: no status effects
A: no striking features
a: Renounce Religion, Stomp


You were on level 6 of the Dungeon.
You worshipped Uskayaw.
Uskayaw was noncommittal.
You visited 2 branches of the dungeon, and saw 5 of its levels.

You collected 42 gold pieces.

Inventory:

Hand Weapons
 a - a +0 short sword (weapon)
 d - a +0 morningstar
   (You took it off an orc on level 7 of the Dungeon)
 h - a +1 rapier of freezing
   (You found it on level 7 of the Dungeon)
Missiles
 f - 3 poisoned darts (quivered)
Armour
 b - a +0 leather armour (worn)
Wands
 g - a wand of digging (2)
Scrolls
 c - a scroll of fog
 e - a scroll of fear
Potions
 i - a potion of curing {unknown}


   Skills:
 - Level 3.0 Fighting
 - Level 1.7 Short Blades
 + Level 2.1 Dodging
 - Level 4.5 Stealth


You couldn't memorise any spells.
You didn't know any spells.
Your spell library was empty.

Dungeon Overview and Level Annotations

Branches:
Dungeon (7/15) Zot: 23522  Temple (1/1) D:5 Zot: 5989

Altars:
Qazlal
Trog
Uskayaw
Vehumet
Wu Jian
Xom
Yredelemnul


Message History

There is a staircase back to the Dungeon here.
You climb upwards.
There is a staircase to the Ecumenical Temple here.
Found a lumpy emerald potion.
Found 9 gold pieces.
i - a lumpy emerald potion You now have 23 gold pieces (gained 9).
Found 2 stones.
You see here 2 stones.
Found 5 gold pieces.
You now have 28 gold pieces (gained 5).
Found a stone staircase leading down.
Found a stone staircase leading up.
A scorpion comes into view.
There is a stone staircase leading up here.
You climb upwards.
There is a stone staircase leading down here.
A scorpion comes into view.
Unknown command.
As you read the scroll of magic mapping, it crumbles to dust.
You feel aware of your surroundings.
You sensed 1 altar, and 1 shop/portal.
Really walk into that dispersal trap?
You enter a dispersal trap!
You blink.
Found 7 stones.
Found a stone staircase leading down.
You see here 7 stones.
A worm comes into view.
A sourceless malevolence fills the Dungeon...
You fall into a shaft and drop 3 floors!
The shaft crumbles and collapses.
Found a dyed leather armour.
An orc warrior and an orc come into view.
The orc shouts!
You hear a shout!
Okay, then.
Throw: 5 darts (poison)
Press: ? - help, Q - select action, (/) - cycle Shift-Dir - straight line, f - orc
Aim: an orc, wielding a +0 morningstar (59% to hit)
You throw a poisoned dart. The poisoned dart hits the orc.
The orc is poisoned.
Throw: 4 darts (poison)
Press: ? - help, Q - select action, (/) - cycle Shift-Dir - straight line, f/p - orc
Aim: an orc, wielding a +0 morningstar (poisoned, 59% to hit)
You throw a poisoned dart.
The poisoned dart closely misses the orc.
Throw: 3 darts (poison)
Press: ? - help, Q - select action, (/) - cycle Shift-Dir - straight line, f/p - orc
Aim: an orc, wielding a +0 morningstar (poisoned, 59% to hit)
You throw a poisoned dart.
The poisoned dart closely misses the orc.
You hit the orc.
The orc is moderately wounded.
You hit the orc.
The orc is severely wounded.
The orc hits you with a +0 morningstar.
You hit the orc.
You kill the orc!
You can now stomp with the beat.
Your Dodging skill increases to level 2!
You see here a +0 morningstar.
d - a +0 morningstar
f - 3 poisoned darts (gained 1) 2 orcs come into view.
The orc shouts!
The orc warrior shouts!
You see here 2 poisoned darts.
Found a glowing rapier.
Found a lumpy emerald potion.
Found an escape hatch in the ceiling.
You feel yourself speed up.
Found a scroll labelled YHEOLAMEFY.
You see here a +1 rapier of freezing.
h - a +1 rapier of freezing
There is an escape hatch in the ceiling here.
The orc closely misses you.
The orc warrior hits you with a +0 mace!
Ouch! That really hurt!
* * * LOW HITPOINT WARNING * * *
A mysterious force pulls you upwards. The hatch slams shut behind you.
Found a stone staircase leading down.
Unknown command.
You open the door.
An iguana comes into view.
The iguana hisses angrily.
You hear an angry hiss.
There is an open door here.
The iguana hisses menacingly.
Found 14 gold pieces.
You now have 42 gold pieces (gained 14).
Your extra speed is starting to run out.
You feel yourself slow down. 3 wights come into view.
A wight is wielding a +2 vorpal war axe.
A wight is wielding a +3 scimitar of freezing.
A wight and a black bear come into view.
The black bear growls angrily.
A hound comes into view.
A white imp comes into view.
A scorpion comes into view.
A hound comes into view.
Found 5 stones.
The white imp shouts!
The hound barks!
A scorpion comes into view.
The white imp hits you.
* * * LOW HITPOINT WARNING * * *
The white imp freezes you.
You die...

#.l# # #.#.#.#.####### #..#
#.#.#.#.#..h....# #..##
#........h......#
#...###..##h#####......#
#.o.....# #.# ...z..#
##.....####.# ....... #.....#
#..#####...z...
..#######.....###..........hzz.
#.....oo'.....'.@h....z.....h..
.....####.....###5......# .....
####### #s......# .....
#.......# ..... #........ .....
#....(... ..... #........ #####
....s..


You could see a black bear, 2 scorpions, a hound, a wight (wandering) and a
white imp.

Vanquished Creatures
  An orc (D:7)
  A quokka (D:5)
2 creatures vanquished.

Notes
Turn   | Place    | Note
-------+----------+-------------------------------------------
     0 | D:5      | Flugkiller the Demonspawn Delver began the quest for the
                  | Orb.
     0 | D:5      | Reached XP level 1. HP: 18/18 MP: 1/1
     3 | D:5      | Found a staircase to the Ecumenical Temple.
   191 | D:5      | Found a shimmering altar of Xom.
   191 | D:5      | Found an ancient bone altar of Kikubaaqudgha.
   193 | D:5      | Found an ornate altar of the Wu Jian Council.
   193 | D:5      | Found a shimmering altar of Xom.
   269 | Temple   | Entered the Ecumenical Temple
   274 | Temple   | Became a worshipper of Uskayaw the Reveller
   345 | D:5      | Noticed a scorpion
   359 | D:4      | Noticed a scorpion
   402 | D:4      | You fall into a shaft and drop 3 floors!
   403 | D:7      | Noticed an orc warrior
   422 | D:7      | Reached * piety under Uskayaw
   462 | D:6      | Noticed an iguana
   491 | D:6      | Noticed a wight
   491 | D:6      | Noticed a wight
   491 | D:6      | Noticed a wight
   492 | D:6      | Noticed a wight
   492 | D:6      | Noticed a black bear
   492 | D:6      | Noticed a hound
   498 | D:6      | Noticed a scorpion
   499 | D:6      | Noticed a hound
   502 | D:6      | Noticed a scorpion
   502 | D:6      | Slain by a white imp

Illustrated notes

Levels and vault maps discovered:
D:4:      layout_loops_ring, zin_purify
D:5:      layout_loops_ring, doesnt_xom_only_xom, minmay_temple_entry_statues,
          roderic_roman_lattice, kennysheep_opposing_triangles
D:6:      layout_basic, minmay_manual_maat, uniq_prince_ribbit1
D:7:      layout_basic, uniq_maggie
Temple:   nicolae_temple_ecumenical_triangle

Skill      XL: |  1 |
---------------+----+-----
Dodging        | 2 |  2.1
Fighting       | |  3.0
Short Blades   | |  1.7
Stealth        | |  4.5

Action                   || total
-------------------------++-------
Melee: Short sword       ||    15
Throw: Dart              ||     3
Evoke: Wand              ||     1
  Use: Scroll            ||     1
       Potion            ||     1
Armor: Leather armour    ||     3
Dodge: Dodged            ||     8

Table legend: (Time is in decaauts)
 A = Elapsed time spent in this place.
 B = Non-inter-level travel time spent in this place.
 C = Inter-level travel time spent in this place.
 D = Time resting spent in this place.
 E = Time spent auto-exploring this place.
 F = Levels seen in this place.
 G = Mean time per level.
                   A        B        C        D        E       F      G
               +--------+--------+--------+--------+--------+-----+--------+
         Total |    487 |    487 |      0 |    136 |      0 |   5 |   97.4 |
       Dungeon |    476 |    476 |      0 |    136 |      0 |   4 |  119.0 |
        Temple |     10 |     10 |      0 |      0 |      0 |   1 |   10.0 |
               +--------+--------+--------+--------+--------+-----+--------+

Top non-repeatable levels by time:
     D:5: 337 daAuts
     D:4: 52 daAuts
     D:7: 52 daAuts
     D:6: 34 daAuts
  Temple: 10 daAuts
